 Dungeon Crawl Stone Soup version 0.30-a0-1102-g2dbb833546 (webtiles) character file.

Game seed: 16770797735683528559

390 KristoblXynda the Slasher (level 6, -1/47 HPs)
             Began as a Vampire Gladiator on Apr 18, 2023.
             Slain by an ice beast (14 damage)
             ... on level 5 of the Dungeon.
             The game lasted 00:03:52 (3203 turns).

KristoblXynda the Slasher (Vampire Gladiator)       Turns: 3203, Time: 00:03:52

Health: -1/47      AC:  6    Str: 15    XL:     6   Next: 50%
Magic:  6/6        EV: 12    Int: 10    God:
Gold:   229        SH:  0    Dex: 16    Spells: 5/5 levels left

rFire   . . .      SeeInvis +    a - +0 long sword
rCold   . . .      Faith    .    (no shield)
rNeg    . . .      Spirit   .    f - +0 ring mail
rPois   .          Reflect  .    c - +0 helmet
rElec   .          Rampage  .    (no cloak)
rCorr   .                        (no gloves)
Will    .....                    (no boots)
Stlth   +                        (no amulet)
HPRegen 0.47/turn                (no ring)
MPRegen 0.10/turn                (no ring)

@: healing quickly
A: alive, fangs 3, see invisible, vampiric 2
a: Exsanguinate


You were on level 5 of the Dungeon.
You visited 1 branch of the dungeon, and saw 5 of its levels.

You collected 229 gold pieces.

Inventory:

Hand Weapons
 a - a +0 long sword (weapon)
Missiles
 d - 3 throwing nets (quivered)
 e - 6 javelins
Armour
 c - a +0 helmet (worn)
 f - a +0 ring mail (worn)
Scrolls
 g - a scroll of immolation {unknown}
 j - a scroll of blinking
 k - a scroll of fog {unknown}
 n - 2 scrolls of teleportation {unknown}
 o - a scroll of enchant armour {unknown}
 r - a scroll of identify
Potions
 b - a potion of resistance {unknown}
 h - 2 potions of heal wounds
 i - a potion of might {unknown}
 l - a potion of invisibility {unknown}
 m - a potion of attraction {unknown}
 p - a potion of curing {unknown}
 q - a potion of berserk rage {unknown}
 s - a potion of lignification {unknown}


   Skills:
 - Level 3.2 Fighting
 * Level 5.4 Long Blades
 - Level 1.5 Throwing
 + Level 1.5 Armour
 + Level 4.7 Dodging


You had 5 spell levels left.
You didn't know any spells.
Your spell library contained the following spells:

 Spells                   Type           Power      Damage    Failure   Level
 Magic Dart               Conj           0%         1d3       58%         1
 Blink                    Tloc           0%         N/A       73%         2
 Lesser Beckoning         Tloc           0%         N/A       73%         2
 Momentum Strike          Conj/Tloc      0%         3d8       73%         2
 Searing Ray              Conj           0%         2d4       73%         2
 Portal Projectile        Hex/Tloc       0%         N/A       91%         3
 Tukima's Dance           Hex            0%         N/A       91%         3
 Fulminant Prism          Conj/Hex       0%         3d5       100%        4
 Blade Hands              Tmut           0%         N/A       100%        5


Dungeon Overview and Level Annotations

Branches:
Dungeon (5/15)
 Temple: D:4-7

Altars:


Innate Abilities, Weirdness & Mutations

Your natural rate of healing is accelerated.
You have razor-sharp teeth.
You have supernaturally acute eyesight. (SInv)
You are afflicted with vampirism and can become a bat while bloodless.


Message History

You are too injured to fight recklessly!
You are too injured to fight recklessly!
You are too injured to fight recklessly!
Unknown command.
Okay, then.
You feel much better.
The ice beast hits you but does no damage.
You hit the ice beast.
The ice beast is severely wounded.
The ice beast hits you but does no damage.
You closely miss the ice beast.
The ice beast is heavily wounded.
The ice beast hits you but does no damage.
You hit the ice beast.
The ice beast is severely wounded.
The ice beast hits you but does no damage.
You closely miss the ice beast.
The ice beast is severely wounded.
The ice beast barely misses you.
You closely miss the ice beast.
The ice beast is severely wounded.
The ice beast barely misses you.
You hit the ice beast but do no damage.
The ice beast is severely wounded.
The ice beast hits you but does no damage. x2
You hit the ice beast but do no damage.
The ice beast is severely wounded.
The ice beast hits you. The ice beast freezes you.
You completely miss the ice beast. Your bite misses the ice beast.
The ice beast is severely wounded.
The ice beast hits you. The ice beast freezes you!
You hit the ice beast.
The ice beast is severely wounded.
The ice beast closely misses you.
You closely miss the ice beast.
The ice beast is severely wounded.
The ice beast hits you.
* * * LOW HITPOINT WARNING * * *
The ice beast freezes you!
You die...

##.###.###....###.#
#.....###.#
.......#.....#..#+#
#+#)#####.#
##.....#.#....### #
+(..'.#
##..#.##.##.#...###
###...###
..........#.#.#.#.+
#.......#
##.....#..#.#.#'#.###
#+#...#+#
#..#.#...#...#.....#
#...#..
##........#####.....+
##'##.. #...#.#...#
#.@...# #...#..
#.##...##+# #Y#.###
#+#...#'#
#.###.###.......#.+
#.......# #.###.#
###...##### ###...###
......# +... #.'...'
# ...##########
#.##### # ..........
... ...####### #..
#...# #.


You could see an ice beast.

Vanquished Creatures
  An ogre (D:4)
  A hound (D:4)
  A sleepcap (D:5)
  Terence (D:2)
  2 orc wizards (D:4)
  2 adders
  23 orcs
  9 ball pythons
  13 endoplasms
  4 giant cockroaches
  11 goblins
  8 hobgoblins
  7 jackals
  7 quokkas
  7 bats
  2 frilled lizards (D:2)
  7 kobolds
  23 rats
129 creatures vanquished.

Notes
Turn   | Place    | Note
-------+----------+-------------------------------------------
     0 | D:1      | KristoblXynda the Vampire Gladiator began the quest for the
                  | Orb.
     0 | D:1      | Reached XP level 1. HP: 16/16 MP: 1/1
   219 | D:1      | Reached XP level 2. HP: 21/22 MP: 2/2
   242 | D:1      | Found a faded altar of an unknown god.
   429 | D:1      | Gained mutation: You are afflicted with vampirism and can
                  | become a bat while bloodless. [Vampire growth]
   429 | D:1      | Reached XP level 3. HP: 27/27 MP: 3/3
   707 | D:2      | You fall into a shaft and drop 1 floor!
   860 | D:2      | Noticed Terence
   875 | D:2      | Killed Terence
   876 | D:2      | Reached skill level 4 in Long Blades
   876 | D:2      | Reached XP level 4. HP: 28/34 MP: 4/4
  1710 | D:3      | Reached XP level 5. HP: 39/39 MP: 5/5
  2019 | D:4      | Reached skill level 1 in Armour
  2231 | D:4      | Reached skill level 5 in Long Blades
  2371 | D:4      | Noticed an ogre
  2386 | D:4      | Killed an ogre
  2387 | D:4      | Reached XP level 6. HP: 46/47 MP: 6/6
  2786 | D:5      | Entered Level 5 of the Dungeon
  3183 | D:5      | Noticed an ice beast
  3203 | D:5      | Slain by an ice beast

Illustrated notes

Levels and vault maps discovered:
D:1:      dpeg_arrival_tiny_i, layout_basic, nicolae_ecumenical_lake_church
D:2:      layout_basic, uniq_terence
D:3:      layout_rooms, minmay_rat_hole
D:4:      layout_cave_pods
D:5:      nicolae_cairo_tiling_large, layout_loops_ring

Skill      XL: |  1  2  3  4  5 |
---------------+----------------+-----
Fighting       | 2 3 |  3.2
Long Blades    | 4 5 |  5.4
Dodging        | 4 |  4.7
Armour         | 1 |  1.5
Throwing       | |  1.5

Action                     |  1- 3 |  4- 6 || total
---------------------------+-------+-------++-------
  Melee: Long sword        |   110 |   269 ||   379
         Bite              |     5 |    29 ||    34
         Punch             |       |     1 ||     1
  Throw: Throwing net      |       |     2 ||     2
    Use: Scroll            |       |     3 ||     3
         Potion            |       |     1 ||     1
   Stab: Held in net/web   |       |     2 ||     2
 Armour: Ring mail         |    48 |   116 ||   164
         Leather armour    |     4 |       ||     4
  Dodge: Dodged            |    94 |   197 ||   291

Table legend: (Time is in decaauts)
 A = Elapsed time spent in this place.
 B = Non-inter-level travel time spent in this place.
 C = Inter-level travel time spent in this place.
 D = Time resting spent in this place.
 E = Time spent auto-exploring this place.
 F = Levels seen in this place.
 G = Mean time per level.
                   A        B        C        D        E       F      G
               +--------+--------+--------+--------+--------+-----+--------+
         Total |   3271 |   3156 |    115 |    275 |   2128 |   5 |  654.2 |
       Dungeon |   3271 |   3156 |    115 |    275 |   2128 |   5 |  654.2 |
               +--------+--------+--------+--------+--------+-----+--------+

Top non-repeatable levels by time:
     D:4: 977 daAuts
     D:1: 699 daAuts
     D:2: 629 daAuts
     D:3: 536 daAuts
     D:5: 427 daAuts
